 Dungeon Crawl Stone Soup version 0.23-a0-143-g1adec7b (webtiles) character file.

922 galech the Chopper (level 7, -1/55 HPs)
             Began as a Demonspawn Monk on Sept 3, 2018.
             Succumbed to mhoghedin's ghost's poison
             ... on level 4 of the Dungeon.
             The game lasted 00:05:55 (3699 turns).

galech the Chopper (Demonspawn Monk)                Turns: 3699, Time: 00:05:55

Health: -1/55      AC: 13    Str: 10 (13) XL:     7   Next: 84%
Magic:  7/7        EV:  9    Int: 14 (16) God:
Gold:   160        SH:  0    Dex: 17 (18) Spells: 6/6 levels left

rFire    + + .     SeeInvis .   a - +1 hand axe
rCold    + + .     Gourm    .   (no shield)
rNeg     + . .     Faith    .   r - +0 pearl dragon scales
rPois    +         Spirit   +   (helmet restricted)
rElec    +         Reflect  .   k - +0 cloak
rCorr    +         Harm     .   u - +0 pair of gloves (curse)
MR       .....                  (no boots)
Stlth    ++........             (no amulet)
HPRegen  0.18/turn              f - ring of stealth
MPRegen  0.20/turn              (no ring)

@: brilliant, lethally poisoned (-1 -> -27), resistant, very slightly
contaminated, invisible
A: antennae 1, cold resistance 1, fire resistance 1, spiny 1, strong 1, magic
shield, magic regeneration
a: no special abilities


You were on level 4 of the Dungeon.
You were not hungry.

You visited 1 branch of the dungeon, and saw 4 of its levels.

You collected 160 gold pieces.

Inventory:

Hand Weapons
 a - a +1 hand axe (weapon)
 x - a +0 war axe
Armour
 k - a +0 cloak (worn)
 r - +0 pearl dragon scales (worn)
 u - a cursed +0 pair of gloves (worn)
Jewellery
 f - a ring of stealth (left hand)
 v - an uncursed amulet of harm {unknown}
Wands
 b - a wand of digging (6)
 s - a wand of flame (30)
Scrolls
 d - a scroll of immolation {unknown}
 e - a scroll of blinking {unknown}
 h - 2 scrolls of fear
 i - a scroll of magic mapping
 l - 3 scrolls of remove curse
 m - a scroll of random uselessness {unknown}
 p - 2 scrolls of identify
 y - a scroll of enchant armour {unknown}
Potions
 j - a potion of heal wounds {unknown}
 n - a potion of flight {unknown}
 o - a potion of mutation
 q - 3 potions of brilliance
Comestibles
 c - 3 rations


   Skills:
 + Level 4.3 Fighting
 + Level 6.2 Axes
 + Level 3.3 Armour
 + Level 4.0 Dodging
 + Level 2.8 Stealth


You had 6 spell levels left.
You didn't know any spells.
Your spell library was empty.

Dungeon Overview and Level Annotations

Branches:
Dungeon (4/15)
 Temple: D:4-7

Altars:
Dithmenos
Elyvilon
Uskayaw

Annotations:
D:4 1 runed door, mhoghedin's ghost, amateur KoAr


Innate Abilities, Weirdness & Mutations

You are partially covered in sharp spines.
When hurt, damage is shared between your health and your magic reserves.
You regenerate magic rapidly.
You have a pair of small antennae on your head.
Your flesh is cold resistant. (rC+)
Your flesh is heat resistant. (rF+)
Your muscles are strong. (Str +2)


Message History

You are more poisoned.
* * * LOW HITPOINT WARNING * * *
You feel very sick.
You see here a dagger.
* * * LOW HITPOINT WARNING * * *
You feel sick.
Your surroundings suddenly seem different.
* * * LOW HITPOINT WARNING * * *
You feel very sick.
Found a runed door. 4 gnolls come into view.
Okay, then.
It was a potion of resistance.
You feel protected.
* * * LOW HITPOINT WARNING * * *
You feel sick.
It was a potion of degeneration.
There was something very wrong with that liquid.
You feel weakened.
You feel dopey.
You feel clumsy.
You die...

#..........####≈≈≈####<..#####
#..........##.#≈≈≈# #........
#############.#≈≈≈# #..######
#g#≈≈≈# .#........
#g##+##..##.###### #.g......
#.# #g....... #.#
#........##.# #@.......##.#
#######..##.# ###########.##.#
#............#.#
#.)..........#.#
#..............#
#...........#..#
#...........#.>...
#...........#######


You could see 4 gnolls.

Vanquished Creatures
  Sigmund (D:4)
  2 scorpions (D:4)
  3 wights (D:4)
  2 orc priests
  A hound (D:4)
  A centaur skeleton (D:4)
  2 orc wizards (D:4)
  Ijyb (D:3)
  An iguana (D:4)
  3 worker ants
  6 adders
  4 gnolls
  3 oozes
  3 worms
  2 dart slugs (D:1)
  5 leopard geckos
  19 orcs
  5 ball pythons
  4 giant cockroaches
  3 goblins (D:1)
  9 hobgoblins
  17 jackals
  A quokka (D:3)
  12 bats
  4 frilled lizards
  10 kobolds
  7 rats
131 creatures vanquished.

Notes
Turn   | Place    | Note
-------+----------+-------------------------------------------
     0 | D:1      | galech the Demonspawn Monk began the quest for the Orb.
     0 | D:1      | Reached XP level 1. HP: 18/18 MP: 1/1
   128 | D:1      | Gained mutation: You are partially covered in sharp spines.
                  | [demonic ancestry]
   128 | D:1      | Reached XP level 2. HP: 24/24 MP: 2/2
   150 | D:1      | Reached skill level 3 in Axes
   254 | D:1      | Reached XP level 3. HP: 27/29 MP: 3/3
   778 | D:2      | Gained mutation: When hurt, damage is shared between your
                  | health and your magic reserves. [demonic ancestry]
   778 | D:2      | Reached XP level 4. HP: 30/35 MP: 4/4
  1088 | D:2      | Found a shadowy altar of Dithmenos.
  1299 | D:3      | Reached skill level 1 in Armour
  1636 | D:3      | Reached XP level 5. HP: 36/41 MP: 3/5
  1670 | D:3      | Found a faded altar of an unknown god.
  1771 | D:3      | Reached skill level 4 in Axes
  1778 | D:3      | Found a hide-covered altar of Uskayaw.
  1779 | D:3      | Noticed Ijyb
  1799 | D:3      | Killed Ijyb
  1946 | D:3      | Found a white marble altar of Elyvilon.
  2286 | D:4      | Gained mutation: You regenerate magic rapidly. [demonic
                  | ancestry]
  2286 | D:4      | Reached XP level 6. HP: 45/48 MP: 6/6
  2602 | D:4      | Reached skill level 5 in Axes
  2641 | D:4      | Noticed Sigmund
  2931 | D:4      | Killed Sigmund
  2931 | D:4      | Reached XP level 7. HP: 27/54 MP: 4/7
  3385 | D:4      | Reached skill level 6 in Axes
  3666 | D:4      | Found a runed door.
  3667 | D:4      | Noticed mhoghedin's ghost (amateur KoAr)
  3685 | D:4      | Gained mutation: You have a pair of small antennae on your
                  | head. [potion of mutation]
  3685 | D:4      | Gained mutation: Your muscles are strong. (Str +2) [potion
                  | of mutation]
  3685 | D:4      | Gained mutation: Your flesh is cold resistant. (rC+)
                  | [potion of mutation]
  3685 | D:4      | Gained mutation: Your flesh is heat resistant. (rF+)
                  | [potion of mutation]
  3697 | D:4      | Found a runed door.
  3698 | D:4      | HP: 2/55 [poisoned by mhoghedin's ghost]
  3699 | D:4      | Succumbed to mhoghedin's ghost's poison

Vault maps used:
D:1:      lightli_arrival_noodles, minivault_14
D:2:      grunt_dithmenos_smoke
D:3:      old_standard_altar, lemuel_coloured_pillars_altar,
          chequers_ecumenical_altar_simple_redux, minmay_misc_feat_enclosed,
          uniq_ijyb
D:4:      ebering_ghost_sewer_f, minmay_item_behind_shaft, kennysheep_potato,
          uniq_sigmund

Skill      XL: |  1  2  3  4  5  6  7 |
---------------+----------------------+-----
Axes           | 3 4 5 6 |  6.2
Stealth        | 2 |  2.8
Dodging        | 3 4 |  4.0
Armour         | 1 2 3 |  3.3
Fighting       | 4 |  4.3

Action                   |  1- 3 |  4- 6 |  7- 9 || total
-------------------------+-------+-------+-------++-------
Melee: Hand axe          |    99 |   175 |    61 ||   335
  Use: Scroll            |     2 |     3 |     1 ||     6
       Potion            |       |       |     5 ||     5
 Stab: Sleeping          |     3 |       |     1 ||     4
       Distracted        |       |     1 |     1 ||     2
  Eat: Chunk             |       |     7 |     2 ||     9
Armor: Robe              |     6 |       |       ||     6
       Chain mail        |    66 |     5 |       ||    71
       Pearl dragon scal |       |    80 |    30 ||   110
Dodge: Dodged            |    38 |   104 |    21 ||   163

Table legend:
 A = Non-vault XP
 B = Vault XP
 C = Vault XP percentage of total XP
 D = Non-vault monster count
 E = Vault monster count
 F = Vault count percentage of total count
                 A         B        C        D         E       F
            +---------+---------+-------+---------+---------+-------
      Total |    1031 |     287 |  21.8 |     126 |       5 |   3.8
            +---------+---------+-------+---------+---------+-------
        D:1 |      55 |       0 |   0.0 |      30 |       0 |   0.0
        D:2 |      58 |       0 |   0.0 |      24 |       0 |   0.0
        D:3 |     174 |      36 |  17.1 |      31 |       1 |   3.1
        D:4 |     744 |     251 |  25.2 |      41 |       4 |   8.9
            +---------+---------+-------+---------+---------+-------
